 Dungeon Crawl Stone Soup version 0.29.1-2-gbd0b4ee654 (webtiles) character file.

Game seed: 1647315279765291997

86 xian the Covert (level 4, -1/30 (31) HPs)
             Began as an Octopode Delver on Nov 8, 2022.
             Slain by an iguana (14 damage)
             ... on level 4 of the Dungeon.
             The game lasted 00:03:02 (392 turns).

xian the Covert (Octopode Delver)                    Turns: 392, Time: 00:03:02

HP:   -1/30 (31)    AC:  1    Str: 13    XL:     4   Next: 50%
MP:   4/4           EV: 13    Int: 12    God:
Gold: 22            SH:  0    Dex: 13    Spells: 3/3 levels left

rFire   . . .      SeeInvis .   a - +0 short sword
rCold   . . .      Faith    .   (no shield)
rNeg    . . .      Spirit   .   (helmet restricted)
rPois   .          Reflect  .   (no amulet)
rElec   .          Harm     .   (no ring)
rCorr   .          Rampage  .   (no ring)
Will    .....                   (no ring)
Stlth   +++++.....              (no ring)
HPRegen 0.10/turn               (no ring)
MPRegen 0.09/turn               (no ring)
                                (no ring)
                                (no ring)

@: lightly drained
A: almost no armour, amphibious, 8 rings, camouflage 1, gelatinous body 1,
(nimble swimmer 1), tentacles
a: no special abilities


You were on level 4 of the Dungeon.
You visited 1 branch of the dungeon, and saw 2 of its levels.

You collected 22 gold pieces.

Inventory:

Hand Weapons
 a - a +0 short sword (weapon)
Wands
 f - a wand of digging (3)
Scrolls
 b - a scroll of fog
 c - a scroll of magic mapping
 d - a scroll of fear
 h - a scroll of teleportation {unknown}
Potions
 e - a potion of haste
 g - a potion of mutation {unknown}


   Skills:
 + Level 3.4 Fighting
 + Level 2.3 Short Blades
 + Level 2.1 Dodging
 + Level 8.3 Stealth


You had 3 spell levels left.
You didn't know any spells.
Your spell library was empty.

Dungeon Overview and Level Annotations

Branches:
Dungeon (5/15)
 Temple: D:4-7

Altars:
Cheibriados
Gozag
Zin

Shops:
D:4 *

Annotations:
D:4 Blork the orc, Pikel


Innate Abilities, Weirdness & Mutations

You cannot wear most types of armour.
You are amphibious.
You can wear up to eight rings at the same time.
Your skin changes colour to match your surroundings (Stealth+).
Your rubbery body absorbs attacks. (AC +1, EV +1)
((You are camouflaged when in or above water. (Stealth+)))
You have tentacles for arms and can constrict up to eight enemies at once.


Message History

There is a stone staircase leading down here.
Found a scroll labelled MUESER PUASSIMPE.
Found an escape hatch in the ceiling. 3 lemures come into view.
Found Ape Udy's Overcharged Wands.
The lemure shouts! x2
A jackal comes into view.
Pikel, Merchant of Souls comes into view.
He is wielding a +0 whip of freezing.
A lemure comes into view.
Pikel shouts!
The lemure shouts!
A jackal comes into view.
You hear an angry hiss.
An iguana comes into view.
The jackal barks!
The lemure shouts!
The jackal attacks as you move away! The jackal bites you.
You hit the jackal but do no damage. You grab the jackal.
You constrict the jackal. The jackal bites you. The jackal closely misses you.
You hit the jackal but do no damage.
The jackal is heavily wounded.
You constrict the jackal, but do no damage.
The jackal barely misses you.
You barely miss the jackal.
The jackal is heavily wounded.
You constrict the jackal. The jackal bites you.
You release your grip on the jackal.
The jackal attacks as you move away! The jackal barely misses you.
The jackal closely misses you.
You hit the jackal.
You kill the jackal!
An orc comes into view. It is wielding a +1 mace of venom.
An orc comes into view. It is wielding a +2 flail of draining.
Found a stone staircase leading up.
An iguana and an orc come into view.
Found a helmet.
The orc shouts! x3; The iguana hisses angrily.
The orc barely misses you. The orc attacks as you move away!
The orc barely misses you.
The orc hits you with a +2 flail of draining!
You feel drained. The lemure attacks as you move away! The lemure hits you.
The iguana bites you!
You die...

### #.# .#######.#
..[....... .#.#..#..# .#
#...#.#..####.##
..........∩.....<.......
......#.#...#..l@.......
.....<#..#.#l..oo5o.....
....K...........h...#+##
....?5...#.##......#
..5....#.###5.####.#
###.#..##.###........
#......K.5..K........
#.#.#..###..#..##.... #
#.#.#..###.##..# ....


You could see Pikel, 2 lemures, 2 iguanas, 3 orcs and a jackal.

Vanquished Creatures
  2 hounds (D:5)
  An iguana (D:5)
  A jackal (D:4)
4 creatures vanquished.

Vanquished Creatures (others)
  4 fungi (D:5)
4 creatures vanquished.

Grand Total: 8 creatures vanquished

Notes
Turn   | Place    | Note
-------+----------+-------------------------------------------
     0 | D:5      | xian the Octopode Delver began the quest for the Orb.
     0 | D:5      | Reached XP level 1. HP: 16/16 MP: 1/1
    28 | D:5      | Noticed a steam dragon
    35 | D:5      | Noticed a scorpion
   142 | D:5      | Found a glowing silver altar of Zin.
   142 | D:5      | Found an opulent altar of Gozag.
   150 | D:5      | Noticed an iguana
   151 | D:5      | Found a faded altar of an unknown god.
   155 | D:5      | Killed an iguana
   156 | D:5      | Reached skill level 7 in Stealth
   156 | D:5      | Reached XP level 2. HP: 21/21 MP: 2/2
   156 | D:5      | Reached XP level 3. HP: 26/26 MP: 3/3
   157 | D:5      | Found a faded altar of an unknown god.
   159 | D:5      | Found a snail-covered altar of Cheibriados.
   206 | D:5      | Reached skill level 8 in Stealth
   217 | D:5      | Reached XP level 4. HP: 27/31 MP: 4/4
   283 | D:5      | Noticed an ogre
   360 | D:4      | Noticed Blork the orc
   373 | D:4      | Found Ape Udy's Overcharged Wands.
   373 | D:4      | Noticed a lemure
   373 | D:4      | Noticed a lemure
   373 | D:4      | Noticed a lemure
   373 | D:4      | Noticed Pikel
   373 | D:4      | Noticed a lemure
   392 | D:4      | Slain by an iguana

Illustrated notes

Levels and vault maps discovered:
D:4:      layout_basic, corexii_leaking_fountain,
          nicolae_shop_overcharged_wands, uniq_menkaure, uniq_pikel,
          uniq_blork_the_orc
D:5:      layout_loops_corners, chequers_temple_overflow_minitemple,
          dreamdust_mushroom_princess, solitary_fountain, uniq_sigmund

Skill      XL: |  1  2  3 |
---------------+----------+-----
Stealth        | 7 8 |  8.3
Fighting       | |  3.4
Short Blades   | |  2.3
Dodging        | |  2.1

Action                   |  1- 3 |  4- 6 || total
-------------------------+-------+-------++-------
Melee: Short sword       |     9 |     4 ||    13
       Tentacles         |     4 |       ||     4
       Constrict         |     3 |     1 ||     4
 Stab: Sleeping          |     1 |       ||     1
Dodge: Dodged            |     9 |     6 ||    15
